 Dungeon Crawl Stone Soup version 0.27-a0-906-g0a00ce863d (webtiles) character file.

Game seed: 16429637628892997409

79 KennyOmg the Chopper (level 4, -8/61 HPs)
             Began as a Minotaur Berserker on Apr 7, 2021.
             Was a Believer of Trog.
             Killed by divine providence
             ... invoked by an orc priest
              (15 damage)
             ... on level 3 of the Dungeon.
             The game lasted 00:01:31 (1718 turns).

KennyOmg the Chopper (Minotaur Berserker)           Turns: 1718, Time: 00:01:31

Health: -8/61      AC: 11    Str: 22    XL:     4   Next: 17%
Magic:  3/3        EV:  6    Int:  4    God:    Trog [**....]
Gold:   118        SH:  0    Dex: 10    Spells: 3/3 levels left

rFire    . . .     SeeInvis .   a - +0 hand axe
rCold    . . .     Faith    .   (no shield)
rNeg     . . .     Spirit   .   g - +0 plate armour {rPois}
rPois    +         Reflect  .   (helmet restricted)
rElec    .         Harm     .   (no cloak)
rCorr    .         Rampage  .   (no gloves)
Will     .....                  (no boots)
Stlth    ..........             (no amulet)
HPRegen  0.20/turn              (no ring)
MPRegen  0.08/turn              (no ring)

@: berserking, very quick
A: horns 2, retaliatory headbutt
a: Renounce Religion, Berserk, Trog's Hand


You were on level 3 of the Dungeon.
You worshipped Trog.
Trog was pleased with you.
You visited 1 branch of the dungeon, and saw 3 of its levels.

You collected 118 gold pieces.

Inventory:

Hand Weapons
 a - a +0 hand axe (weapon)
Armour
 g - a +0 plate armour of poison resistance (worn)
   (You found it on level 2 of the Dungeon)
Scrolls
 b - a scroll of amnesia {unknown}
 d - a scroll of fog {unknown}
 e - 2 scrolls of identify {unknown}
 f - a scroll of noise {unknown}
 h - a scroll of magic mapping {unknown}
Potions
 c - a potion of curing {unknown}
 i - a potion of degeneration {unknown}


   Skills:
 + Level 4.4 Fighting
 * Level 5.2 Axes
 + Level 2.9 Armour
 - Level 2.1 Dodging


You had 3 spell levels left.
You didn't know any spells.
Your spell library was empty.

Dungeon Overview and Level Annotations

Branches:
Dungeon (3/15)

Altars:


Innate Abilities, Weirdness & Mutations

You have a pair of horns on your head.
You reflexively headbutt those who attack you in melee.


Message History

i - a murky grey potion An orc comes into view.
It is wielding a +1 vorpal falchion.
The orc shouts!
An orc priest comes into view. It is wielding a +0 dagger.
An orc priest comes into view. It is wielding a +2 whip of pain.
You see here a ruby potion.
There are monsters nearby!
There are monsters nearby!
An orc comes into view. It is wielding a +0 dagger.
The orc priest looks satisfied for a moment.
You hit the orc but do no damage. You headbutt the orc.
The orc priest calls down the wrath of Beogh upon you.
Beogh smites you!
You barely miss the orc. Your headbutt misses the orc.
You hit the orc but do no damage.
The orc hits you with a +1 vorpal falchion.
* * * LOW HITPOINT WARNING * * *
* * * LOW HITPOINT WARNING * * *
The orc priest looks braver for a moment.
The orc priest looks satisfied for a moment.
The orc hits you but does no damage.
A red film seems to cover your vision as you go berserk!
You feel yourself moving faster!
You feel mighty!
The orc priest mumbles some strange prayers to Beogh against you.
Beogh smites you!
* * * LOW HITPOINT WARNING * * *
The orc barely misses you. You furiously retaliate!
You headbutt the orc!!
You kill the orc!
Trog accepts your kill.
You closely miss the orc priest. You headbutt the orc priest! You hit the orc.
You kill the orc!
Trog accepts your kill.
The orc priest hits you but does no damage.
You writhe in agony.
* * * LOW HITPOINT WARNING * * *
You barely miss the orc priest. You headbutt the orc priest.
You kill the orc priest!
Trog accepts your kill.
The orc priest calls down the wrath of Beogh upon you.
Beogh smites you!
* * * LOW HITPOINT WARNING * * *
Your Axes skill increases to level 5!
You have reached level 4!
You feel agile.
Things that are here:
a +2 whip of pain; an orc corpse You slash the orc priest!
The orc priest calls down the wrath of Beogh upon you.
Beogh smites you!
You die...

######## ##......
#...... ### #....#
##...###.o.#
#.......)@#
#####.......).# ##
#.........#...# ..
.. ........
##..####... #.
#.......#
##!....... #.
#...##..#
##......... #.##..#
#.###..........
#...).#
##........##....
......###.........#
###.


You could see an orc priest.

Vanquished Creatures
  An orc priest (D:3)
  A dart slug (D:1)
  2 orcs (D:3)
  7 ball pythons
  4 bats
  2 endoplasms (D:1)
  2 giant cockroaches
  3 goblins
  4 hobgoblins
  3 jackals (D:3)
  3 kobolds
  2 quokkas
  A frilled lizard (D:3)
  4 rats
39 creatures vanquished.

Notes
Turn   | Place    | Note
-------+----------+-------------------------------------------
     0 | D:1      | KennyOmg the Minotaur Berserker began the quest for the
                  | Orb.
     0 | D:1      | Reached XP level 1. HP: 19/19 MP: 0/0
   193 | D:1      | Reached skill level 4 in Axes
   203 | D:1      | Reached XP level 2. HP: 25/27 MP: 1/1
  1067 | D:2      | Reached XP level 3. HP: 31/33 MP: 2/2
  1672 | D:3      | Reached ** piety under Trog
  1717 | D:3      | Reached skill level 5 in Axes
  1717 | D:3      | Reached XP level 4. HP: 7/41 MP: 3/3
  1718 | D:3      | Killed from afar by an orc priest

Illustrated notes

Levels and vault maps discovered:
D:1:      dpeg_arrival_short_road, layout_rooms, chequers_serial_rivers_small_a,
          kennysheep_minor_cross
D:2:      layout_loops_cross, patterned_corridor
D:3:      corexii_shack_village, layout_rooms, lemuel_round_altar,
          overflow_temple_1_default, serial_park_tiny_1,
          hangedman_decor_growths, kennysheep_flooded_box, uniq_grinder

Skill      XL: |  1  2  3 |
---------------+----------+-----
Axes           | 4 5 |  5.2
Fighting       | 4 |  4.4
Armour         | |  2.9
Dodging        | |  2.1

Action                   |  1- 3 |  4- 6 || total
-------------------------+-------+-------++-------
Melee: Hand axe          |    71 |     1 ||    72
       Headbutt          |    13 |       ||    13
Invok: Berserk           |     1 |       ||     1
Armor: Animal skin       |     6 |       ||     6
       Plate armour      |    11 |       ||    11
Dodge: Dodged            |    31 |       ||    31

Table legend: (Time is in decaauts)
 A = Elapsed time spent in this place.
 B = Non-inter-level travel time spent in this place.
 C = Inter-level travel time spent in this place.
 D = Time resting spent in this place.
 E = Time spent auto-exploring this place.
 F = Levels seen in this place.
 G = Mean time per level.
                   A        B        C        D        E       F      G
               +--------+--------+--------+--------+--------+-----+--------+
         Total |   1723 |   1570 |    153 |      0 |   1374 |   3 |  574.3 |
       Dungeon |   1723 |   1570 |    153 |      0 |   1374 |   3 |  574.3 |
               +--------+--------+--------+--------+--------+-----+--------+

Top non-repeatable levels by time:
     D:2: 866 daAuts
     D:1: 805 daAuts
     D:3: 51 daAuts
